 Dungeon Crawl Stone Soup version 0.32-a0-42-ga30500b4d3 (webtiles) character file.

Game seed: 11770176469335673477

1212 seren the Grave Robber (level 8, 0/44 (56) HPs)
             Began as a Demonspawn Necromancer on Jan 30, 2024.
             Slain by a wight
             ... wielding a +4 scimitar of freezing
              (2 damage)
             ... on level 5 of the Dungeon.
             The game lasted 00:22:11 (6243 turns).

seren the Grave Robber (Demonspawn Necromancer)     Turns: 6243, Time: 00:22:11

HP:   0/44 (56)     AC:  7    Str: 15    XL:     8   Next: 22%
MP:   14/14         EV: 12    Int: 24    God:
Gold: 119           SH:  5    Dex: 13    Spells: 8/16 levels left

rFire   . . .        u - +2 hand axe (flame)
rCold   + . .        g - +0 buckler
rNeg    . . .        z - +2 leather armour {rC+}
rPois   .            E - +0 helmet
rElec   .            q - +0 cloak
rCorr   .            (no gloves)
SInv    .            (no boots)
Will    .....        c - amulet of regeneration
Stlth   ++           x - +6 ring of intelligence
HPRegen 1.07/turn    l - +6 ring of strength
MPRegen 0.14/turn

%: no passive effects
@: heavily drained
A: foul stench 2, demonic touch 2
a: no special abilities


You were on level 5 of the Dungeon.
You visited 1 branch of the dungeon, and saw 6 of its levels.
You also visited: Ossuary.

You collected 328 gold pieces.
You spent 209 gold pieces at shops.

Inventory:

Hand Weapons
 a - a +1 dagger of venom
 u - a +2 hand axe of flaming (weapon)
 A - a +4 heavy dagger
 J - a +1 dagger of freezing
Missiles
 B - 7 stones
Armour
 g - a +0 buckler (worn)
 q - a +0 cloak (worn)
 z - a +2 leather armour of cold resistance (worn)
 E - a +0 helmet (worn)
Magical Staves
 k - a staff of cold
Jewellery
 c - an amulet of regeneration (around neck)
 h - a ring of resist corrosion
 l - a +6 ring of strength (right hand)
 x - a +6 ring of intelligence (left hand)
Wands
 r - a wand of polymorph (17)
Scrolls
 d - a scroll of summoning
 e - a scroll of brand weapon
 f - a scroll of amnesia {unknown}
 n - a scroll of fog {unknown}
 o - a scroll of acquirement {unknown}
 t - a scroll of torment {unknown}
 v - a scroll of enchant armour {unknown}
 w - a scroll of teleportation {unknown}
 y - a scroll of silence {unknown}
 C - 4 scrolls of noise
 D - a scroll of enchant weapon {unknown}
 G - a scroll of vulnerability {unknown}
 I - a scroll of fear {unknown}
Potions
 b - a potion of magic
 i - a potion of heal wounds
 j - 2 potions of enlightenment {unknown}
 m - 2 potions of brilliance {unknown}
 p - a potion of curing {unknown}
 s - a potion of degeneration
 F - 2 potions of might {unknown}
 H - a potion of mutation {!q}


   Skills:
 - Level 2.0 Fighting
 + Level 1.6 Armour
 + Level 3.4 Dodging
 + Level 3.8 Stealth
 * Level 3.5 Shields
 * Level 4.5 Spellcasting
 * Level 6.6 Necromancy
 + Level 1.9 Evocations


You had 8 spell levels left.
You knew the following spells:

 Your Spells              Type           Power      Damage    Failure   Level
a - Necrotise             Necr           100%       1d9       1%          1
b - Animate Dead          Necr           37%        N/A       10%         4
v - Vampiric Draining     Necr           37%        2d8       3%          3

Your spell library contained the following spells:

 Spells                   Type           Power      Damage    Failure   Level
 Curse of Agony           Necr           37%        N/A       26%         5


Dungeon Overview and Level Annotations

Branches:
Dungeon (6/15)            Ossuary (visited)
 Temple: D:4-7

Altars:
Nemelex Xobeh
Okawaru
Qazlal
Ru
Sif Muna
Wu Jian
Xom
Yredelemnul

Shops:
D:2 [

Annotations:
D:4 1 runed translucent door, Sapher's ghost, amateur OnWr
D:5 Menkaure


Innate Abilities, Weirdness & Mutations

You sometimes emit foul miasma when damaged in melee.
Your touch may inflict irresistible damage on your foes.


Message History

Your +1 dagger of venom stops dripping with poison.
Your +2 hand axe of flaming bursts into flame!
u - a +2 hand axe of flaming (weapon)
You hit the wight. You burn the wight.
The wight is moderately damaged.
The wight hits you with a +4 scimitar of freezing.
* * * LOW HITPOINT WARNING * * *
The wight freezes you.
* * * LOW HITPOINT WARNING * * *
You block the wight's attack.
You barely miss the wight.
The wight is moderately damaged.
The wight hits you with a +4 scimitar of freezing.
* * * LOW HITPOINT WARNING * * *
You feel drained.
You closely miss the wight.
The wight is moderately damaged.
The wight barely misses you.
You hit the wight but do no damage.
The wight is moderately damaged.
You block the wight's attack. The wight closely misses you.
You hit the wight. You burn the wight.
The wight is severely damaged.
The wight hits you with a +4 scimitar of freezing!
* * * LOW HITPOINT WARNING * * *
You feel drained.
* * * LOW HITPOINT WARNING * * *
The wight freezes you.
* * * LOW HITPOINT WARNING * * *
You barely miss the wight.
The wight is severely damaged.
The wight closely misses you.
You closely miss the wight.
The wight is severely damaged.
The wight hits you with a +4 scimitar of freezing.
* * * LOW HITPOINT WARNING * * *
The wight hits you with a +4 scimitar of freezing!
* * * LOW HITPOINT WARNING * * *
The wight freezes you.
You die...

.....# #.#.## #.# .....#
######....####.#
.....####.......#......#
..................######
.....####.######.##
.....####.# #.#
..........# #.#
.....###### #z# .....#
#@# #....# #.#
...#.###########.#
####.............#
###############


You could see a wight.

Vanquished Creatures
  2 water moccasins
  An ogre (D:5)
  A phantom (D:4)
  2 scorpions (D:5)
  A wight (D:6)
  2 howler monkeys (D:6)
  2 jellies (D:3)
  A hound (D:5)
  4 bombardier beetles
  2 orc priests
  An iguana (D:4)
  3 orc wizards
  A mummy (Ossuary)
  3 gnolls
  6 adders
  A shadow imp (D:5)
  A white imp (D:5)
  2 dart slugs (D:3)
  A ribbon worm (D:5)
  13 orcs
  13 endoplasms
  10 giant cockroaches (D:2)
  7 goblins
  10 hobgoblins
  A quokka (D:1)
  5 ball pythons
  4 bats
  2 frilled lizards
  15 kobolds
  2 kobold zombies (Ossuary)
  2 orc zombies (Ossuary)
  A rat (D:3)
122 creatures vanquished.

Notes
Turn   | Place    | Note
-------+----------+-------------------------------------------
     0 | D:1      | seren the Demonspawn Necromancer began the quest for the
                  | Orb.
     0 | D:1      | Reached XP level 1. HP: 13/13 MP: 3/3
   300 | D:1      | Gained mutation: Your touch may inflict minor irresistible
                  | damage on your foes. [demonic ancestry]
   300 | D:1      | Reached XP level 2. HP: 16/19 MP: 1/5
   849 | D:2      | Gained mutation: You may rarely emit foul miasma when
                  | damaged in melee. [demonic ancestry]
   849 | D:2      | Reached XP level 3. HP: 16/24 MP: 1/6
  1179 | D:2      | Found Ostiqyiv's Armour Emporium.
  1327 | D:2      | Learned a level 3 spell: Vampiric Draining
  1654 | D:2      | Gained mutation: Your touch may inflict irresistible damage
                  | on your foes. [demonic ancestry]
  1654 | D:2      | Reached XP level 4. HP: 30/30 MP: 2/7
  2258 | D:3      | Reached skill level 5 in Necromancy
  2492 | D:3      | Reached skill level 1 in Shields
  2541 | D:3      | Reached XP level 5. HP: 30/35 MP: 9/9
  2547 | D:3      | Found an ornate altar of the Wu Jian Council.
  2547 | D:3      | Found a stormy altar of Qazlal.
  2547 | D:3      | Found a sacrificial altar of Ru.
  2547 | D:3      | Found a sparkling altar of Nemelex Xobeh.
  2547 | D:3      | Found a basalt altar of Yredelemnul.
  2547 | D:3      | Found a sparkling altar of Nemelex Xobeh.
  3054 | D:3      | Found a shimmering blue altar of Sif Muna.
  3055 | D:3      | Found a shimmering altar of Xom.
  3235 | D:4      | Noticed a water moccasin
  3251 | D:4      | Killed a water moccasin
  3252 | D:4      | Reached skill level 1 in Fighting
  3252 | D:4      | Gained mutation: You sometimes emit foul miasma when
                  | damaged in melee. [demonic ancestry]
  3252 | D:4      | Reached XP level 6. HP: 39/43 MP: 10/10
  3270 | D:4      | Learned a level 4 spell: Animate Dead
  3506 | D:4      | Found a runed translucent door.
  3506 | D:4      | Noticed Sapher's ghost (amateur OnWr)
  3816 | D:5      | Entered Level 5 of the Dungeon
  4012 | D:2      | Bought a +2 leather armour of cold resistance for 209 gold
                  | pieces
  4236 | D:5      | Reached XP level 7. HP: 38/48 MP: 12/12
  4340 | D:5      | Reached skill level 1 in Evocations
  4440 | D:4      | Reached skill level 6 in Necromancy
  4785 | D:5      | Reached skill level 1 in Armour
  4909 | D:5      | Noticed Menkaure
  5155 | D:5      | Found an ornate altar of the Wu Jian Council.
  5731 | D:6      | Found a sand-covered staircase.
  5736 | Ossuary  | Entered an ossuary
  5941 | D:6      | Reached XP level 8. HP: 55/56 MP: 14/14
  6154 | D:6      | Found an iron altar of Okawaru.
  6243 | D:5      | HP: 2/44 [wight/+4 scimitar of freezing (9)]
  6243 | D:5      | Slain by a wight

Illustrated notes

Levels and vault maps discovered:
D:1:      enne_arrival_octagon_isle, layout_basic, minivault_14
D:2:      minmay_roachtagon, layout_basic, serial_shops, shop,
          minmay_misc_feat_diagonals
D:3:      cheibrodos_fertilizer, layout_basic, gammafunk_temple_overflow_statue,
          bh_walls_and_bars
D:4:      layout_basic, hellmonk_ghost_happy_afterlife
D:5:      layout_loops_ring, kennysheep_little_box, uniq_menkaure
D:6:      layout_basic, mainiacjoe_overflow_paths, nicolae_overflow_squiral,
          minmay_temple_entry_grid, enter_ossuary_2, reono_crystal_passage

Skill      XL: |  1  2  3  4  5  6  7 |
---------------+----------------------+-----
Stealth        | 2 3 |  3.8
Dodging        | 2 3 |  3.4
Necromancy     | 5 6 |  6.6
Shields        | 1 2 3 |  3.5
Spellcasting   | 3 4 |  4.5
Fighting       | 1 2 |  2.0
Evocations     | 1 |  1.9
Armour         | 1 |  1.6

Action                     |  1- 3 |  4- 6 |  7- 9 || total
---------------------------+-------+-------+-------++-------
  Melee: Dagger            |    82 |   164 |   204 ||   450
         Touch             |    11 |     1 |       ||    12
         Punch             |     1 |       |       ||     1
         Hand axe          |       |       |     7 ||     7
   Cast: Necrotise         |    29 |    22 |    11 ||    62
         Vampiric Draining |       |       |     4 ||     4
    Use: Scroll            |       |     1 |     1 ||     2
         Potion            |       |     3 |     1 ||     4
   Stab: Sleeping          |     5 |     3 |     1 ||     9
 Armour: Robe              |    44 |    64 |       ||   108
         Leather armour    |       |    16 |   132 ||   148
  Dodge: Dodged            |    44 |    60 |    92 ||   196
  Block: Buckler           |       |    34 |    40 ||    74

Table legend: (Time is in decaauts)
 A = Elapsed time spent in this place.
 B = Non-inter-level travel time spent in this place.
 C = Inter-level travel time spent in this place.
 D = Time resting spent in this place.
 E = Time spent auto-exploring this place.
 F = Levels seen in this place.
 G = Mean time per level.
                   A        B        C        D        E       F      G
               +--------+--------+--------+--------+--------+-----+--------+
         Total |   6279 |   5832 |    447 |    261 |   3473 |   7 |  897.0 |
       Dungeon |   6160 |   5713 |    447 |    261 |   3473 |   6 | 1026.7 |
       Ossuary |    119 |    119 |      0 |      0 |      0 |   1 |  119.0 |
               +--------+--------+--------+--------+--------+-----+--------+

Top non-repeatable levels by time:
     D:5: 1624 daAuts
     D:2: 1238 daAuts
     D:3: 1190 daAuts
     D:4: 888 daAuts
     D:1: 789 daAuts
     D:6: 429 daAuts
 Ossuary: 119 daAuts
